 Dungeon Crawl Stone Soup version 0.29.1-15-g9cfb28693d (webtiles) character file.

Game seed: 1489437813666638091

41 Hugehornet the Covered (level 3, -4/24 HPs)
             Began as a Gargoyle Fighter on Mar 16, 2023.
             Slain by a goblin
             ... wielding a +0 club
             ... led by Robin
              (6 damage)
             ... on level 2 of the Dungeon.
             The game lasted 00:01:27 (846 turns).

Hugehornet the Covered (Gargoyle Fighter)            Turns: 846, Time: 00:01:27

Health: -4/24      AC: 10    Str: 19    XL:     3   Next: 52%
Magic:  3/3        EV:  9    Int: 10    God:
Gold:   54         SH:  4    Dex:  9    Spells: 2/2 levels left

rFire   . . .      SeeInvis .   a - +0 flail
rCold   . . .      Faith    .   c - +0 buckler
rNeg    + . .      Spirit   .   b - +0 scale mail
rPois   ∞          Reflect  .   (no helmet)
rElec   +          Harm     .   (no cloak)
rCorr   .          Rampage  .   (no gloves)
Will    .....                   (no boots)
Stlth   ..........              (no amulet)
HPRegen 0.08/turn               (no ring)
MPRegen 0.08/turn               (no ring)

@: mighty
A: sickness immunity, AC +3, negative energy resistance 1, electricity
resistance, torment resistance 1, petrification resistance
a: no special abilities


You were on level 2 of the Dungeon.
You visited 1 branch of the dungeon, and saw 2 of its levels.

You collected 54 gold pieces.

Inventory:

Hand Weapons
 a - a +0 flail (weapon)
Armour
 b - a +0 scale mail (worn)
 c - a +0 buckler (worn)
Jewellery
 i - an amulet of faith
Scrolls
 h - a scroll of identify {unknown}
 j - a scroll of silence {unknown}
 l - a scroll of enchant armour {unknown}
Potions
 e - a potion of invisibility {unknown}
 f - a potion of berserk rage {unknown}
 g - 2 potions of degeneration {unknown}
 k - a potion of heal wounds {unknown}


   Skills:
 + Level 3.6 Fighting
 * Level 2.8 Maces & Flails
 * Level 4.0 Armour
 - Level 3.2 Shields


You had 2 spell levels left.
You didn't know any spells.
Your spell library contained the following spells:

 Spells                   Type           Power      Damage    Failure   Level
 Freezing Cloud           Conj/Ice/Air   0%         6-21      100%        5
 Simulacrum               Ice/Necr       0%         N/A       100%        6
 Polar Vortex             Ice            0%         N/A       100%        9


Dungeon Overview and Level Annotations

Branches:
Dungeon (2/15)

Altars:


Innate Abilities, Weirdness & Mutations

You are immune to sickness and miasma.
Your stone body is resilient. (AC +3)
You are immune to poison.
You resist negative energy. (rN+)
You are resistant to electric shocks. (rElec)
You are resistant to unholy torment.
You are immune to petrification.


Message History

The kobold shouts!
The goblin shouts!
A goblin comes into view. It is wielding a +0 club.
A hobgoblin comes into view.
The kobold moves out of view.
The hobgoblin shouts!
You hit Robin.
Robin is moderately wounded.
You hear a shout!
You block Robin's attack.
A goblin comes into view. It is wielding a +0 dagger.
Robin's bangles clink loudly.
Robin hits you with a +0 mace.
You are too injured to fight recklessly!
You are too injured to fight recklessly!
You are too injured to fight recklessly!
Unknown command.
You are too injured to fight recklessly!
You feel very mighty all of a sudden.
The goblin shouts!
Robin says, "A pitiful Gargoyle like you will never find the ORB!"
You completely miss Robin.
Robin is moderately wounded.
Robin closely misses you.
You thump Robin!
You kill Robin!
A goblin comes into view. It is wielding a +0 dagger.
Your Armour skill increases to level 4!
You hit the hobgoblin but do no damage.
The hobgoblin no longer looks unusually strong. x2
The hobgoblin hits you.
* * * LOW HITPOINT WARNING * * *
A goblin comes into view. It is wielding a +0 dagger.
The hobgoblin hits you but does no damage.
The goblin closely misses you.
The goblin moves out of view.
The goblin attacks as you move away! The goblin closely misses you.
The hobgoblin attacks as you move away! You block the hobgoblin's attack.
Things that are here:
a +0 dagger; a goblin corpse The goblin attacks as you move away!
The goblin hits you with a +0 club.
You die...

###. #..[ # ...
# #.# #.)
.###g. ..
#..###gg...
#.##.#)gg#
#...#..#
#######gg###
#!...).@...# #
#.########.....
#.#.# #####
#..<# #####


You could see 3 hobgoblins and 3 goblins.

Vanquished Creatures
  Robin (D:2)
  A gnoll (D:1)
  4 ball pythons
  4 goblins
  A hobgoblin (D:1)
  2 jackals (D:1)
  2 quokkas (D:1)
  4 kobolds
  2 rats (D:1)
21 creatures vanquished.

Notes
Turn   | Place    | Note
-------+----------+-------------------------------------------
     0 | D:1      | Hugehornet the Gargoyle Fighter began the quest for the
                  | Orb.
     0 | D:1      | Reached XP level 1. HP: 14/14 MP: 1/1
   215 | D:1      | Reached XP level 2. HP: 19/19 MP: 2/2
   753 | D:1      | Reached XP level 3. HP: 23/23 MP: 3/3
   832 | D:2      | Noticed Robin
   842 | D:2      | Killed Robin
   843 | D:2      | Reached skill level 4 in Armour
   846 | D:2      | Slain by a goblin

Illustrated notes

Levels and vault maps discovered:
D:1:      elethiomel_arrival_quiet, layout_basic
D:2:      layout_loops_ring, minmay_pentomino_z4, uniq_robin, uniq_jessica

Skill      XL: |  1  2  3 |
---------------+----------+-----
Armour         | 4 |  4.0
Fighting       | |  3.6
Maces & Flails | |  2.8
Shields        | |  3.2

Action                   || total
-------------------------++-------
Melee: Flail             ||    66
  Use: Potion            ||     1
Armor: Scale mail        ||    29
Dodge: Dodged            ||    34
Block: Buckler           ||    17
